 Dungeon Crawl Stone Soup version 0.29-a0-872-g797fff5ad1 (webtiles) character file.

Game seed: 1612655179862442782

746 porpoise the Caller (level 7, 0/60 HPs)
             Began as a Barachi Summoner on July 19, 2022.
             Slain by a black bear (7 damage)
             ... on level 5 of the Dungeon.
             The game lasted 00:22:47 (5248 turns).

porpoise the Caller (Barachi Summoner)              Turns: 5248, Time: 00:22:47

Health: 0/60       AC:  6    Str:  9    XL:     7   Next: 77%
Magic:  4/11       EV: 11    Int: 24    God:
Gold:   152        SH:  0    Dex:  7    Spells: 2/12 levels left

rFire   . . .      SeeInvis .   a - +1 short sword "Gayfidey" {venom, rElec rC+ rCorr Dex-5}
rCold   + . .      Faith    .   (no shield)
rNeg    . . .      Spirit   .   u - +0 leather armour
rPois   .          Reflect  .   (no helmet)
rElec   +          Harm     .   f - +2 cloak
rCorr   +          Rampage  .   (no gloves)
Will    .....                   (no boots)
Stlth   +.........              (no amulet)
HPRegen 0.20/turn               z - +6 ring of intelligence
MPRegen 0.12/turn               (no ring)

@: weak-willed, slow
A: amphibious, slowness 1, strong legs 1, +LOS
a: Hop


You were on level 5 of the Dungeon.
You visited 1 branch of the dungeon, and saw 5 of its levels.

You collected 152 gold pieces.

Inventory:

Hand Weapons
 a - the +1 short sword "Gayfidey" (weapon) {venom, rElec rC+ rCorr Dex-5}
   (You found it on level 4 of the Dungeon)

   It poisons the flesh of those it strikes.
   Dex:       It affects your dexterity (-5).
   rC:        It protects you from cold.
   rElec:     It insulates you from electricity.
   rCorr:     It protects you from acid and corrosion.
 b - a +0 sling
 x - a +0 dagger
 A - a +0 broad axe
Missiles
 e - 6 boomerangs
 v - 5 poisoned darts
Armour
 f - a +2 cloak (worn)
 u - a +0 leather armour (worn)
Magical Staves
 r - a staff of earth
Jewellery
 z - a +6 ring of intelligence (left hand)
Wands
 y - a wand of flame (6)
Scrolls
 c - 2 scrolls of vulnerability
 h - 8 scrolls of identify
 i - a scroll of blinking {unknown}
 j - a scroll of silence {unknown}
 k - a scroll of enchant weapon {unknown}
 l - a scroll of magic mapping
 m - a scroll of enchant armour {unknown}
 n - a scroll of poison
 o - a scroll of acquirement {unknown}
 s - a scroll of fear
 t - a scroll of teleportation {unknown}
 w - a scroll of noise {unknown}
Potions
 d - 2 potions of lignification
 p - 2 potions of curing
 q - a potion of magic


   Skills:
 - Level 7.0 Fighting
 + Level 0.5 Armour
 - Level 2.1 Dodging
 - Level 1.7 Stealth
 - Level 3.0 Spellcasting
 - Level 7.0 Summonings
 + Level 2.2 Air Magic
 + Level 2.3 Evocations


You had 2 spell levels left.
You knew the following spells:

 Your Spells              Type           Power      Damage    Failure   Level
a - Summon Small Mammal   Summ           100%       N/A       1%          1
b - Call Imp              Summ           37%        N/A       1%          2
c - Call Canine Familiar  Summ           37%        N/A       2%          3
d - Summon Lightning Spi  Summ/Air       25%        N/A       22%         4

Your spell library contained the following spells:

 Spells                   Type           Power      Damage    Failure   Level
 Freeze                   Ice            12%        1d4       14%         1
 Summon Guardian Golem    Hex/Summ       20%        N/A       11%         3
 Summon Ice Beast         Ice/Summ       20%        N/A       34%         4
 Frozen Ramparts          Ice            6%         1d2       41%         3
 Summon Mana Viper        Hex/Summ       20%        N/A       67%         5
 Hailstorm                Conj/Ice       3%         3d3       82%         4
 Monstrous Menagerie      Summ           18%        N/A       100%        7


Dungeon Overview and Level Annotations

Branches:
Dungeon (5/15)
 Temple: D:4-7

Altars:

Shops:
D:4 (=:

Annotations:
D:5 1 transporter, siradein's ghost, novice DsAr


Innate Abilities, Weirdness & Mutations

You are amphibious.
You cover ground slowly.
You can hop short distances.
You have an extended range of vision and can be seen from far away.


Message History

Okay, then.
Unknown command.
As you read the scroll labelled LUDIUC VUUSU, it crumbles to dust.
You assume a fearsome visage.
The black bear looks frightened!
The ogre looks frightened!
It was a scroll of fear.
Your hound bites the black bear.
Your hound's attack snaps the black bear out of its fear.
The black bear barely misses your hound. x3
Your rat barely misses the ogre.
You swap places.
Your hound closely misses the ogre.
The black bear closely misses you.
The black bear claws you but does no damage. x2
Your rat barely misses the black bear.
Your hound bites the black bear. x2
You see here 15 gold pieces.
Okay, then.
As you read the scroll labelled GYMMIDI REQE, it crumbles to dust.
Your attack snaps the ogre out of its fear.
Magic quickly surges around you.
It was a scroll of vulnerability.
Your hound barely misses the black bear.
The black bear completely misses you.
The black bear claws you but does no damage. x2
Okay, then.
As you read the scroll labelled MOZETILIRO, it crumbles to dust.
The scroll dissolves into smoke.
It was a scroll of fog.
Your hound bites the black bear.
The black bear bites you but does no damage.
The black bear claws you.
* * * LOW HITPOINT WARNING * * *
The black bear claws you but does no damage.
Your hound barely misses the black bear.
Okay, then.
Unknown command.
Okay, then.
Unknown command.
The black bear attacks as you move away!
The black bear closely misses you.
The black bear claws you but does no damage. x2
The black bear bites you!
You die...

#.# # .#...#...##.# ## ..
..#......#.# ... ##..#
..©..##.W#.## ##..#. .##.#
..#....5#.†##..... #
..###=..##.##......##
..(?.....#........##. ..
#####..##.#......... ..
..####.§§####..###.......
... ......O.§§rh@§.##
....... ...
........§h#####.......[...
... ....##..#§.
........... !.. ##.....
.###.....$. ## #.#.#.. ##
...... ....#.## . ##.###..
(. .# ..


You could see a black bear (weak-willed) and a friendly rat (summoned,
weak-willed).

Vanquished Creatures
  A hound (D:4)
  An iguana (D:5)
  5 gnolls (D:4)
  An adder (D:2)
  A dart slug (D:5)
  2 orcs
  A ball python (D:2)
  4 bats
  3 endoplasms
  A giant cockroach (D:4)
  6 goblins
  A hobgoblin (D:1)
  A quokka (D:2)
  A kobold (D:4)
  4 rats
33 creatures vanquished.

Vanquished Creatures (collateral kills)
  Grinder (D:3)
  A phantom (D:5)
  A scorpion (D:4)
  A jelly (D:5)
  An orc priest (D:4)
  A hound (D:5)
  Jessica (D:3)
  2 iguanas (D:5)
  3 adders
  A shadow imp (D:5)
  A worm (D:2)
  9 orcs
  2 ball pythons
  3 endoplasms
  2 giant cockroaches
  3 goblins
  6 hobgoblins
  3 jackals (D:4)
  4 quokkas
  3 bats
  A frilled lizard (D:2)
  6 kobolds
  2 rats (D:2)
58 creatures vanquished.

Grand Total: 91 creatures vanquished

Notes
Turn   | Place    | Note
-------+----------+-------------------------------------------
     0 | D:1      | porpoise the Barachi Summoner began the quest for the Orb.
     0 | D:1      | Reached XP level 1. HP: 13/13 MP: 3/3
   223 | D:1      | Reached skill level 1 in Fighting
   223 | D:1      | Reached skill level 5 in Summonings
   238 | D:1      | Reached XP level 2. HP: 3/21 MP: 5/5
   699 | D:1      | Found a faded altar of an unknown god.
   978 | D:1      | Learned a level 2 spell: Call Imp
  1122 | D:2      | Reached XP level 3. HP: 27/27 MP: 3/6
  1411 | D:2      | Learned a level 3 spell: Call Canine Familiar
  1768 | D:2      | Reached XP level 4. HP: 31/34 MP: 1/7
  2112 | D:3      | Noticed Jessica
  2127 | D:3      | Killed Jessica
  2412 | D:3      | Noticed Grinder
  2444 | D:3      | Killed Grinder
  2445 | D:3      | Reached skill level 5 in Fighting
  2445 | D:3      | Reached XP level 5. HP: 11/44 MP: 1/8
  2445 | D:3      | Reached XP level 6. HP: 13/51 MP: 1/9
  2970 | D:4      | Reached XP level 7. HP: 24/58 MP: 9/11
  3467 | D:3      | Learned a level 4 spell: Summon Lightning Spire
  3980 | D:4      | Found Orrad's Jewellery Emporium.
  4079 | D:4      | Found Cufom's Antique Weapon Boutique.
  4369 | D:4      | Found Kosackep's Book Emporium.
  4416 | D:4      | Identified the +1 short sword "Gayfidey" {venom, rElec rC+
                  | rCorr Dex-5}
  4679 | D:5      | Entered Level 5 of the Dungeon
  4699 | D:5      | Reached skill level 1 in Evocations
  4736 | D:5      | Reached skill level 1 in Air Magic
  5216 | D:5      | Noticed siradein's ghost (novice DsAr)
  5232 | D:5      | Found a transporter.
  5248 | D:5      | Slain by a black bear

Illustrated notes

Levels and vault maps discovered:
D:1:      sevenhm_arrival_forest_fort_small_3, layout_loops_ring,
          ebering_ecumenical_altar_rust
D:2:      layout_rooms
D:3:      layout_basic, uniq_grinder, uniq_jessica
D:4:      layout_cave_pods, serial_shops, shop_fountains, shop_statue,
          nicolae_take_the_stairs, grunt_ministairs_15,
          minmay_fractal_squares_gapless_5
D:5:      layout_rooms, gammafunk_ghost_stat_death, kennysheep_generic_room_7

Skill      XL: |  1  2  3  4  5  6  7 |
---------------+----------------------+-----
Fighting       | 1 2 5 6 7 |  7.0
Summonings     | 5 7 |  7.0
Spellcasting   | 3 |  3.0
Evocations     | 2 |  2.3
Air Magic      | 2 |  2.2
Armour         | |  0.5
Dodging        | |  2.1
Stealth        | |  1.7

Action                   |  1- 3 |  4- 6 |  7- 9 || total
-------------------------+-------+-------+-------++-------
Melee: Dagger            |    81 |    65 |    27 ||   173
       Unarmed           |     1 |       |       ||     1
       Short sword       |       |       |    48 ||    48
       Punch             |       |       |     1 ||     1
 Fire: Sling             |       |       |     7 ||     7
 Cast: Summon Small Mamm |    27 |    16 |    21 ||    64
       Call Canine Famil |     1 |     3 |    14 ||    18
       Call Imp          |     1 |     3 |     5 ||     9
  Use: Scroll            |       |     2 |     4 ||     6
 Stab: Distracted        |     1 |       |       ||     1
       Sleeping          |     2 |     1 |       ||     3
Armor: Robe              |    53 |    19 |       ||    72
       Leather armour    |       |       |    30 ||    30
Dodge: Dodged            |    79 |    45 |    40 ||   164

Table legend: (Time is in decaauts)
 A = Elapsed time spent in this place.
 B = Non-inter-level travel time spent in this place.
 C = Inter-level travel time spent in this place.
 D = Time resting spent in this place.
 E = Time spent auto-exploring this place.
 F = Levels seen in this place.
 G = Mean time per level.
                   A        B        C        D        E       F      G
               +--------+--------+--------+--------+--------+-----+--------+
         Total |   5662 |   5473 |    189 |   2268 |   2289 |   5 | 1132.4 |
       Dungeon |   5662 |   5473 |    189 |   2268 |   2289 |   5 | 1132.4 |
               +--------+--------+--------+--------+--------+-----+--------+

Top non-repeatable levels by time:
     D:4: 1879 daAuts
     D:2: 1386 daAuts
     D:1: 1106 daAuts
     D:3: 698 daAuts
     D:5: 590 daAuts
